 Adventure DCSS version bcrawl-1.32 (webtiles) character file.

Game seed: 4797703694540346983

101131 Leeroy the Slasher (level 5, 32/32 HPs)
             Began as a Skeleton Reaver on Aug 2, 2021.
             Was a Priest of Vehumet.
             Quit the game on level 5 of the Dungeon.
             The game lasted 00:04:43 (4482 turns).

Leeroy the Slasher (Skeleton Reaver)                Turns: 4482, Time: 00:04:44

Health: 32/32      AC: 16    Str: 18    XL:     5   Next: 41%
Magic:  9/9        EV:  7    Int: 12    God:    Vehumet [***...]
Gold:   382        SH:  1    Dex:  9    Spells: 5/10 levels left
                                        Lives:  1   Deaths: 1

rFire    . . .     SeeInvis .   a - +0 long sword
rCold    + . .     Gourm    .   (no shield)
rNeg     + + +     Faith    .   s - +0 plate armour
rPois    ∞         Spirit   +   p - +2 helmet
rElec    .         Reflect  .   (no cloak)
rCorr    .         Harm     .   j - +0 pair of gloves
MR       .....                  (no boots)
Stlth    ..........             (no amulet)
HPRegen  0.10/turn              (no ring)
MPRegen  0.11/turn              (no ring)

@: no status effects
A: no food or potions, cold resistance 1, deterioration 1, negative energy
resistance 3, powered by death 1, torment resistance, unbreathing, magic shield,
sturdy frame 1, spell healing
a: Renounce Religion


You were on level 5 of the Dungeon.
You worshipped Vehumet.
Vehumet was most pleased with you.
You were not hungry.

You visited 1 branch of the dungeon, and saw 5 of its levels.

You collected 382 gold pieces.

Inventory:

Hand Weapons
 a - a +0 long sword (weapon)
 d - a +3 short sword
 h - a cursed -3 mace
Missiles
 e - 32 curare-tipped needles
 f - 126 poisoned tomahawks (quivered)
Armour
 b - +1 steam dragon scales
 g - a +0 large shield
 j - a +0 pair of gloves (worn)
 n - a +1 helmet
 p - a +2 helmet (worn)
 s - a +0 plate armour (worn)
Jewellery
 m - a +3 amulet of reflection {unknown}
Wands
 t - a wand of iceblast (10)
Scrolls
 c - 3 scrolls of immolation
 i - 2 scrolls of identify
 k - 4 scrolls of remove curse {unknown}
 l - 3 scrolls of teleportation {unknown}
 o - a scroll of blinking {unknown}
 q - 3 scrolls of fear {unknown}
 r - 2 scrolls of enchant weapon {unknown}
 u - a scroll of noise {unknown}
 v - a scroll of amnesia {unknown}


   Skills:
 - Level 3.0 Fighting
 - Level 5.3 Long Blades
 + Level 4.4 Armour
 - Level 3.0 Dodging
 - Level 3.9 Shields
 - Level 3.0 Spellcasting
 - Level 1.6 Conjurations


You had 5 spell levels left.
You knew the following spells:

 Your Spells              Type           Power        Failure   Level  Hunger
a - Shock                 Conj/Air       #....        58%         1    N/A
b - Sandblast             Erth           #.....       69%         1    N/A
c - Stone Arrow           Conj/Erth      #.....       90%         3    N/A

Your spell library contained the following spells:

 Spells                   Type           Power        Failure   Level  Hunger
 Iskenderun's Battlesphe  Conj/Chrm      #.......     100%        5    N/A

Dungeon Overview and Level Annotations

Branches:
Dungeon (5/12)
 Temple: D:4-7

Altars:
Hepliaklqana
Kikubaaqudgha
Okawaru
Qazlal
The Shining One

Annotations:
D:3 1 runed door


Innate Abilities, Weirdness & Mutations

You do not eat or drink.
You are immune to poison.
Your flesh is cold resistant. (rC+)
Your body sometimes deteriorates upon taking damage.
You are immune to negative energy. (rN+++)
You regenerate a little health from kills.
You are immune to unholy pain and torment.
You can survive without breathing.
When hurt, damage is shared between your health and your magic reserves.
Your movements are slightly less encumbered by armour. (ER -2)
Casting spells heals you.


Message History

The adder zombie is moderately damaged.
The adder zombie bites you but does no damage.
You closely miss the adder zombie.
The adder zombie is moderately damaged.
You block the adder zombie's attack.
You hit the adder zombie.
The adder zombie is heavily damaged.
The adder zombie closely misses you.
You hit the adder zombie but do no damage.
The adder zombie is heavily damaged.
The adder zombie bites you but does no damage. x2
You slash the adder zombie!
You destroy the adder zombie!
Vehumet accepts your kill.
No target in view!
No target in view!
No target in view!
No target in view!
No target in view!
Are you sure you want to abandon this character and quit the game? (Confirm with "yes".)

#...#†........#
#...##...##(..#
##..###########
######..##...##...#
........(.#........#
..........'..[.....#
..........#........#
##+#####+##...##...#
#...##@..#
#........#
#........#
#........#
#...##...# #...
#...# .... ...!#
##.. ..[.#


There were no monsters in sight!

Vanquished Creatures
  A scorpion (D:4)
  A hound (D:4)
  Terence (D:3)
  3 worker ants (D:4)
  A hound skeleton (D:4)
  Robin (D:3)
  3 adders
  An ooze (D:1)
  An adder skeleton (D:4)
  An adder zombie (D:5)
  5 worms
  A dart slug (D:2)
  6 leopard geckos
  2 orcs
  4 ball pythons
  4 giant cockroaches
  17 goblins
  13 hobgoblins
  5 jackals
  5 quokkas
  8 bats
  2 frilled lizards
  13 kobolds
  A quokka skeleton (D:4)
  7 rats
107 creatures vanquished.

Notes
Turn   | Place    | Note
-------+----------+-------------------------------------------
     0 | D:1      | Leeroy the Skeleton Reaver began the quest for the Orb.
     0 | D:1      | Reached XP level 1. HP: 14/14 MP: 4/4
     7 | D:1      | Reached skill level 4 in Long Blades
   154 | D:1      | Reached XP level 2. HP: 19/19 MP: 6/6
   273 | D:1      | Reached * piety under Vehumet
   273 | D:1      | Offered knowledge of Shock by Vehumet.
   276 | D:1      | Learned a level 1 spell: Shock
   347 | D:1      | Reached skill level 5 in Long Blades
   507 | D:1      | Reached XP level 3. HP: 23/23 MP: 7/7
  1028 | D:1      | Reached skill level 1 in Shields
  1469 | D:2      | Found an iron altar of Okawaru.
  1784 | D:2      | Reached XP level 4. HP: 27/27 MP: 8/8
  1931 | D:2      | Reached ** piety under Vehumet
  1975 | D:2      | Found a stormy altar of Qazlal.
  1984 | D:2      | Offered knowledge of Sandblast by Vehumet.
  1987 | D:2      | Learned a level 1 spell: Sandblast
  2294 | D:3      | Noticed Robin
  2316 | D:3      | Killed Robin
  2506 | D:3      | Found a runed door.
  2529 | D:3      | Found a hazy altar of Hepliaklqana.
  2632 | D:3      | Offered knowledge of Stone Arrow by Vehumet.
  2642 | D:3      | Learned a level 3 spell: Stone Arrow
  2697 | D:3      | Noticed Terence
  2703 | D:3      | Killed Terence
  2704 | D:3      | Reached skill level 1 in Conjurations
  2704 | D:3      | Reached XP level 5. HP: 32/32 MP: 2/9
  3345 | D:4      | Reached skill level 1 in Armour
  3388 | D:4      | Reached *** piety under Vehumet
  3467 | D:4      | Gained mutation: You regenerate a little health from kills.
                  | [Skeleton growth]
  3467 | D:4      | Reached XP level 6. HP: 33/37 MP: 10/10
  3949 | D:4      | Found a glowing golden altar of the Shining One.
  4135 | D:4      | Found an ancient bone altar of Kikubaaqudgha.
  4390 | D:5      | Entered Level 5 of the Dungeon
  4425 | D:5      | Blown up by a wight
  4426 | D:5      | Reached XP level 5. HP: -5/31 MP: 0/9
  4482 | D:5      | Quit the game

Skill      XL: |  1  2  3  4  5  6 |
---------------+-------------------+-----
Long Blades    | 4 5 |  5.3
Shields        | 2 3 |  3.9
Conjurations   | 1 |  1.6
Armour         | 3 4 |  4.4
Fighting       | |  3.0
Dodging        | |  3.0
Spellcasting   | |  3.0

Action                   |  1- 3 |  4- 6 || total
-------------------------+-------+-------++-------
Melee: Long sword        |   204 |   260 ||   464
       Short sword       |    51 |       ||    51
 Cast: Stone Arrow       |       |     2 ||     2
       Shock             |       |     1 ||     1
  Use: Scroll            |     1 |       ||     1
Armor: Steam dragon scal |   113 |    47 ||   160
       Plate armour      |       |   182 ||   182
Dodge: Dodged            |    49 |   183 ||   232
Block: Large shield      |   117 |       ||   117
       Other             |       |     7 ||     7
